 Dungeon Crawl Stone Soup version 0.31-a0-233-g139696dc86 (webtiles) character file.

Game seed: 7449764296313997359

1204 qw the Skirmisher (level 8, -1/68 HPs)
             Began as a Minotaur Hexslinger on July 8, 2023.
             Slain by a gnoll
             ... wielding a +1 halberd of protection
             ... led by a gnoll sergeant
              (4 damage)
             ... on level 6 of the Dungeon.
             The game lasted 00:01:30 (4821 turns).

qw the Skirmisher (Minotaur Hexslinger)             Turns: 4821, Time: 00:01:30

Health: -1/68      AC:  9    Str: 19    XL:     8   Next: 21%
Magic:  8/8        EV: 13    Int: 10    God:
Gold:   340        SH:  0    Dex: 21    Spells: 8/9 levels left

rFire   . . .        a - +3 sling (heavy)
rCold   . . .        (no shield)
rNeg    . . .        m - +3 leather armour
rPois   .            (helmet restricted)
rElec   .            c - +2 cloak
rCorr   .            (no gloves)
SInv    .            (no boots)
Will    .....        (no amulet)
Stlth   ++           f - +6 ring of strength
HPRegen 0.31/turn    k - +6 ring of dexterity
MPRegen 0.11/turn

%: no passive effects
@: lethally poisoned (-1 -> -9), about to teleport
A: horns 2, retaliatory headbutt
a: no special abilities


You were on level 6 of the Dungeon.
You visited 2 branches of the dungeon, and saw 7 of its levels.

You collected 340 gold pieces.


Innate Abilities, Weirdness & Mutations

You have a pair of horns on your head.
You reflexively headbutt those who attack you in melee.


   Skills:
 - Level 5.0 Fighting
 - Level 9.4 Ranged Weapons
 - Level 2.4 Armour
 + Level 3.1 Dodging
 - Level 1.0 Spellcasting
 - Level 2.0 Hexes


You had 8 spell levels left.
You knew the following spells:

 Your Spells              Type           Power      Damage    Failure   Level
a - Slow                  Hex            16%        N/A       19%         1

Your spell library contained the following spells:

 Spells                   Type           Power      Damage    Failure   Level
 Inner Flame              Hex/Fire       2%         N/A       63%         3
 Portal Projectile        Hex/Tloc       4%         N/A       63%         3
 Cause Fear               Hex            2%         N/A       87%         4

Inventory:

Hand Weapons
 a - a +3 heavy sling (weapon)
Armour
 c - a +2 cloak (worn)
 m - a +3 leather armour (worn)
Jewellery
 f - a +6 ring of strength (left hand)
 k - a +6 ring of dexterity (right hand)
Scrolls
 b - a scroll of identify
Potions
 d - a potion of resistance {unknown}
 e - a potion of enlightenment {unknown}
 g - a potion of curing
 h - a potion of brilliance {unknown}

Dungeon Overview and Level Annotations

Branches:
Dungeon (6/15)             Temple (1/1) D:5

Altars:
Cheibriados
Fedhas
Gozag
Kikubaaqudgha
Nemelex Xobeh
Qazlal
Sif Muna
Uskayaw
Xom
Yredelemnul

Shops:
D:1 [

Annotations:
D:3 3 runed translucent doors, qw's ghost, amateur MiHs


Message History

The sling bullet hits the water moccasin!
The water moccasin is heavily wounded.
The gnoll sergeant misses you.
The water moccasin bites you but does no damage.
The gnoll sergeant hits you from afar with a +0 spear!
The gnoll barely misses you. The water moccasin barely misses you.
You shoot a sling bullet.
The sling bullet hits the water moccasin!
The water moccasin is almost dead.
The water moccasin closely misses you.
The gnoll hits you from afar with a +1 halberd of protection.
The gnoll sergeant completely misses you.
The water moccasin bites you but does no damage.
You shoot a sling bullet.
The sling bullet hits the water moccasin.
The water moccasin is almost dead.
The water moccasin bites you.
You are poisoned.
The water moccasin poisons you!
The gnoll hits you from afar with a +1 halberd of protection.
The gnoll sergeant closely misses you.
The water moccasin bites you but does no damage.
The gnoll sergeant hits you from afar with a +0 spear!
The gnoll misses you.
You shoot a sling bullet.
The sling bullet barely misses the water moccasin.
The sling bullet hits the gnoll.
The gnoll is moderately wounded.
You feel very sick. The water moccasin bites you.
The gnoll hits you from afar with a +1 halberd of protection!
The gnoll sergeant misses you.
The water moccasin bites you but does no damage.
4821 ||| READING scroll of teleportation.
As you read the scroll of teleportation, it crumbles to dust.
You feel strangely unstable.
You feel sick.
The water moccasin bites you but does no damage.
The gnoll hits you from afar with a +1 halberd of protection.
You die...

*#....<........##**,,,,,,***
*#..............# *,,,,,,,**
#...............#**,,,,,,,,*
#####...#.......##..**,,,,,*
##..###........#*****,,,
*#.## ##......## **,, *.##
#..#....#* **,, ***#.*
#.###....# *,,, *,*.:** *#@#
*....# **,** **..,,**#S##
*,...#* **,*** **,,,,,ggg*
*,,...***,** * **,,,,...gg**
*,,...**,,*
*>,,....##.,***,,,,,,,,*** *
***,...#*#.,,*,>,,,,,,,,,***
**#..,,?.,,,,,,,,,,,,,,,,,
#.**,.#****,,,,,*,,,,,,,
**,,*,,* **,,,,***,,,,,,


You could see a water moccasin, a gnoll sergeant and 4 gnolls.

Vanquished Creatures
  Grinder (D:5)
  A wyvern (D:5)
  An ice beast (D:6)
  A black bear (D:6)
  A phantom (D:6)
  A scorpion (D:5)
  A howler monkey (D:6)
  4 hounds
  A jelly (D:5)
  3 orc priests
  A sleepcap (D:5)
  3 iguanas
  An orc wizard (D:6)
  A howler monkey zombie (D:3)
  4 gnolls
  3 adders
  An ufetubus (D:5)
  An adder zombie (D:3)
  3 dart slugs
  3 orcs
  7 ball pythons
  5 endoplasms
  A giant cockroach (D:2)
  2 goblins
  8 hobgoblins
  8 jackals
  5 quokkas
  2 bats (D:3)
  12 frilled lizards
  6 kobolds
  7 rats
  A butterfly (D:5)
100 creatures vanquished.

Notes
Turn   | Place    | Note
-------+----------+-------------------------------------------
     0 | D:1      | qw the Minotaur Hexslinger began the quest for the Orb.
     0 | D:1      | Reached XP level 1. HP: 16/16 MP: 1/1
     0 | D:1      | 0 ||| qw: Version: 0.3-a-46-gb1f654a
     0 | D:1      | 0 ||| qw: Game counter: 3745
     0 | D:1      | 0 ||| qw: Melee chars always use a shield: true
     0 | D:1      | 0 ||| qw: God list: Okawaru
     0 | D:1      | 0 ||| qw: Allow faded altars: false
     0 | D:1      | 0 ||| qw: Do Orc after clearing Dungeon:15 true
     0 | D:1      | 0 ||| qw: Do second Lair branch before Depths: true
     0 | D:1      | 0 ||| qw: Lair rune preference: random
     0 | D:1      | 0 ||| qw: Goals: Normal
     0 | D:1      | 0 ||| PLANNING D:1-11
   121 | D:1      | Reached skill level 3 in Ranged Weapons
   151 | D:1      | Found Adghompo's Armour Emporium.
   158 | D:1      | Reached XP level 2. HP: 21/21 MP: 2/2
   194 | D:1      | 194 ||| SHOPLISTING +0 leather armour (24 gold, have 4).
   194 | D:1      | 194 ||| SHOPLISTING +0 pair of boots (54 gold, have 4).
   194 | D:1      | 194 ||| SHOPLISTING +0 ring mail (48 gold, have 4).
   194 | D:1      | 194 ||| SHOPLISTING +2 pair of gloves of dexterity (258
                  | gold, have 4).
   686 | D:1      | Reached XP level 3. HP: 29/29 MP: 3/3
   690 | D:1      | 690 ||| UPGRADING to +0 ring mail.
   700 | D:1      | 700 ||| DROPPING +0 robe.
   701 | D:1      | 701 ||| READING scroll labelled WAZAX NEOXOPNO.
   702 | D:1      | 702 ||| READING 2 scrolls labelled ORUBLUBBEO.
   703 | D:1      | 703 ||| READING scroll labelled DIEPNA XIFF.
   704 | D:1      | 704 ||| READING scroll labelled CEILOKHLIRIFF.
   705 | D:1      | 705 ||| READING scroll labelled VANOSE TUVAH.
   706 | D:1      | 706 ||| DROPPING scroll of poison.
   950 | D:2      | Reached skill level 4 in Ranged Weapons
  1166 | D:2      | Reached skill level 1 in Armour
  1348 | D:2      | 1348 ||| READING 3 scrolls labelled XUILIO BAOBBE.
  1349 | D:2      | 1349 ||| READING scroll labelled GESEKHL LIRCH.
  1350 | D:2      | 1350 ||| READING scroll labelled ORINKIE MIKA.
  1351 | D:2      | 1351 ||| READING 2 scrolls of identify.
  1351 | D:2      | 1351 ||| IDENTIFYING lumpy yellow potion
  1352 | D:2      | 1352 ||| DROPPING potion of degeneration.
  1405 | D:3      | HP: 6/29 [iguana (11)]
  1407 | D:3      | Reached XP level 4. HP: 8/36 MP: 4/4
  1529 | D:3      | Found a runed translucent gate.
  1529 | D:3      | Found a runed translucent gate.
  1529 | D:3      | Found a runed translucent gate.
  1529 | D:3      | Noticed qw's ghost (amateur MiHs)
  1532 | D:3      | Found a basalt altar of Yredelemnul.
  1734 | D:3      | Reached skill level 5 in Ranged Weapons
  1868 | D:3      | Reached skill level 3 in Fighting
  1868 | D:3      | Reached XP level 5. HP: 37/45 MP: 5/5
  2080 | D:3      | Found a faded altar of an unknown god.
  2535 | D:3      | 2535 ||| UPGRADING to +0 cloak.
  2540 | D:3      | 2540 ||| READING scroll of enchant armour.
  2540 | D:3      | 2540 ||| ENCHANTING +0 cloak.
  2541 | D:3      | 2541 ||| READING 2 scrolls labelled HOX SYRIET.
  2602 | D:3      | 2602 ||| READING scroll labelled ZESAFAO URORAL.
  2603 | D:3      | 2603 ||| DRINKING 2 sapphire potions.
  2728 | D:4      | Found a snail-covered altar of Cheibriados.
  2740 | D:4      | You fall into a shaft and drop 2 floors!
  2750 | D:6      | Noticed a black bear
  2760 | D:6      | Killed a black bear
  2761 | D:6      | Reached skill level 6 in Ranged Weapons
  2944 | D:6      | Noticed a phantom
  2947 | D:6      | Killed a phantom
  2948 | D:6      | Reached XP level 6. HP: 52/52 MP: 6/6
  2989 | D:6      | 2989 ||| Stepping ~*~*~tactically~*~*~ (outnumbered).
  2991 | D:6      | 2991 ||| Stepping ~*~*~tactically~*~*~ (outnumbered).
  2998 | D:6      | Noticed an ice beast
  3006 | D:6      | Killed an ice beast
  3007 | D:6      | Reached skill level 7 in Ranged Weapons
  3157 | D:6      | 3157 ||| DROPPING amulet of magic regeneration.
  3158 | D:6      | 3158 ||| READING scroll labelled EKHATRYREO.
  3159 | D:6      | 3159 ||| READING 2 scrolls of identify.
  3159 | D:6      | 3159 ||| IDENTIFYING metallic orange potion
  3160 | D:6      | 3160 ||| DROPPING potion of attraction.
  3168 | D:5      | Entered Level 5 of the Dungeon
  3198 | D:5      | Found an ancient bone altar of Kikubaaqudgha.
  3202 | D:5      | Found a blossoming altar of Fedhas.
  3213 | D:5      | Reached XP level 7. HP: 59/59 MP: 7/7
  3216 | D:5      | Found a shimmering altar of Xom.
  3461 | D:4      | Found a shimmering blue altar of Sif Muna.
  3482 | D:4      | 3482 ||| UPGRADING to +6 ring of strength.
  3578 | D:5      | Found an opulent altar of Gozag.
  3594 | D:5      | 3594 ||| READING scroll of enchant armour.
  3594 | D:5      | 3594 ||| ENCHANTING +1 cloak.
  3607 | D:5      | 3607 ||| READING scroll of enchant weapon.
  3607 | D:5      | 3607 ||| ENCHANTING +2 heavy sling.
  3679 | D:5      | Noticed Grinder
  3686 | D:5      | Killed Grinder
  3687 | D:5      | Reached skill level 8 in Ranged Weapons
  3853 | D:5      | 3853 ||| Stepping ~*~*~tactically~*~*~ (outnumbered).
  3855 | D:5      | 3855 ||| Stepping ~*~*~tactically~*~*~ (outnumbered).
  3887 | D:5      | Found a stormy altar of Qazlal.
  4173 | D:5      | Found a hide-covered altar of Uskayaw.
  4183 | D:5      | Noticed a wyvern
  4186 | D:5      | Killed a wyvern
  4187 | D:5      | Reached skill level 9 in Ranged Weapons
  4187 | D:5      | Reached XP level 8. HP: 33/68 MP: 8/8
  4354 | D:5      | Found a sparkling altar of Nemelex Xobeh.
  4466 | D:5      | Found a staircase to the Ecumenical Temple.
  4467 | D:5      | 4467 ||| PLANNING TEMPLE
  4467 | D:5      | 4467 ||| UPGRADING to +3 leather armour.
  4477 | D:5      | 4477 ||| DROPPING +0 ring mail.
  4478 | D:5      | 4478 ||| UPGRADING to +6 ring of dexterity.
  4479 | D:5      | 4479 ||| READING scroll labelled LOECONNYHUT.
  4585 | Temple   | Entered the Ecumenical Temple
  4586 | Temple   | 4586 ||| PLANNING D:1-11
  4815 | D:6      | Reached skill level 3 in Dodging
  4820 | D:6      | HP: 17/68 [poisoned by a water moccasin]
  4820 | D:6      | HP: 5/68 [gnoll/+1 halberd of protection[a gnoll sergeant]
                  | (10)]
  4821 | D:6      | 4821 ||| READING scroll of teleportation.
  4821 | D:6      | Slain by a gnoll

Levels and vault maps discovered:
D:1:      roderic_dead_forest, layout_basic, serial_shops, nicolae_shop_stone,
          serial_aquarium, aquarium_bridge_straight [aquarium_subvault_bridge,
          aquarium_subvault_wall, aquarium_subvault_bridge,
          aquarium_subvault_wall], aquarium_bridge_straight
          [aquarium_subvault_bridge, aquarium_subvault_wall,
          aquarium_subvault_bridge, aquarium_subvault_window],
          aquarium_window_1, aquarium_window_1, aquarium_window_3,
          aquarium_window_1, aquarium_view_2c, aquarium_view_2c
D:2:      layout_basic
D:3:      layout_basic, nicolae_yredelemnul_ghost_church, serial_corexii_hall,
          corexii_hall_statues_i, corexii_hall_statues_deadend,
          chequers_hall_statues_corner_a,
          shapermc_ecumenical_altar_mp_urbaneastern, minivault_14,
          minmay_cut_off
D:4:      layout_rooms, nicolae_overflow_crystal_walls,
          nicolae_sif_muna_little_library
D:5:      layout_loops_ring, grunt_temple_overflow_growth_and_decay,
          mainiacjoe_overflow_catwalk, xom_butterflies, lemuel_crystal_altar,
          mainiacjoe_overflow_six_doors_small, kennysheep_mini,
          minmay_temple_entry_fiery, minivault_5, kennysheep_cluttered_room,
          minmay_lizard_king, uniq_grinder
D:6:      layout_layer_cave, tgw_trog, mainiacjoe_overflow_alcove_2,
          serial_shops, shop
Temple:   ebering_the_none_and_only

Skill      XL: |  1  2  3  4  5  6  7  8 |
---------------+-------------------------+-----
Ranged Weapons | 3 4 5 6 7 9 |  9.4
Fighting       | 2 3 4 5 |  5.0
Armour         | 1 2 |  2.4
Dodging        | 3 |  3.1
Spellcasting   | |  1.0
Hexes          | |  2.0

Action                     |  1- 3 |  4- 6 |  7- 9 || total
---------------------------+-------+-------+-------++-------
   Fire: Sling             |   116 |    88 |    83 ||   287
    Use: Scroll            |     9 |     5 |     4 ||    18
         Potion            |       |     1 |       ||     1
 Armour: Robe              |     3 |       |       ||     3
         Ring mail         |    13 |    38 |     7 ||    58
         Leather armour    |       |       |     7 ||     7
  Dodge: Dodged            |    44 |    43 |    39 ||   126

Table legend:
 A = Non-vault XP
 B = Vault XP
 C = Vault XP percentage of total XP
 D = Non-vault monster count
 E = Vault monster count
 F = Vault count percentage of total count
                 A         B        C        D         E       F
            +---------+---------+-------+---------+---------+-------
      Total |    1393 |     328 |  19.1 |      82 |      17 |  17.2
            +---------+---------+-------+---------+---------+-------
        D:1 |      41 |       0 |   0.0 |      25 |       0 |   0.0
        D:2 |      49 |       0 |   0.0 |      14 |       0 |   0.0
        D:3 |     116 |      30 |  20.5 |      15 |       7 |  31.8
        D:4 |       8 |       0 |   0.0 |       4 |       0 |   0.0
        D:5 |     625 |     298 |  32.3 |      16 |      10 |  38.5
        D:6 |     554 |       0 |   0.0 |       8 |       0 |   0.0
            +---------+---------+-------+---------+---------+-------
